Map: Ley Lines

Players

stina

  • Race: Terran Terran
  • League: Gold
  • Spawn Location: 1:00

llllllllllll - Winner!

  • Race: Zerg Zerg
  • League: Gold
  • Spawn Location: 7:00

VOD

Have the link to the VOD?

Description

Time

  • Played on: April 24, 2025, 11:02 a.m.
  • Length: 4:36
Show
View Real Time Build Order
Export as new Build Order

stina Terran 

Build Orders: Reaper Expand 

Get SALT Encoding   

  12  0:01  SCV  
  13  0:13  SCV  
  14  0:18  Supply Depot  
  14  0:25  SCV  
  15  0:39  SCV  
  15  0:40  Barracks  
  16  0:44  Refinery  
  16  0:51  SCV  
  17  1:04  SCV  
  18  1:16  SCV  
  19  1:40  Reaper  
  19  1:44  Command Center  
  20  1:49  Orbital Command  
  20  1:55  Supply Depot  
  20  2:09  Factory  
  20  2:16  SCV  
  21  2:25  Barracks Reactor  
  21  2:32  SCV  
  22  2:44  SCV  
  23  2:54  Command Center  
  23  2:56  SCV  
  23  2:57  Orbital Command  
  24  3:04  Hellion  
  26  3:07  Orbital Command, Bunker  
  25  3:23  Marine x2  
  27  3:27  SCV, Bunker  
  28  3:38  Factory Tech Lab  
  28  3:39  SCV  
  29  3:44  Marine x2  
  29  3:45  Refinery  
  31  3:51  SCV  
  31  3:53  Bunker  
  32  4:02  Siege Tank  
  29  4:04  Marine  
  29  4:06  Marine  
Show
View Real Time Build Order
Export as new Build Order

llllllllllll Zerg - Winner!

Build Orders: Hatch First 

Get SALT Encoding   

  12  0:00  Drone  
  13  0:12  Overlord  
  13  0:17  Drone  
  14  0:31  Drone x2  
  16  0:47  Hatchery  
  16  0:49  Drone  
  16  0:52  Drone  
  18  0:57  Drone  
  18  0:59  Extractor  
  17  1:12  Spawning Pool  
  17  1:15  Drone  
  17  1:20  Drone  
  18  1:28  Drone  
  19  1:38  Overlord  
  19  1:59  Metabolic Boost  
  19  2:01  Queen x2  
  19  2:03  Zergling x2  
  19  2:06  Zergling x2  
  25  2:12  Zergling x2  
  25  2:13  Zergling x2  
  27  2:16  Zergling x2  
  28  2:25  Drone, Baneling Nest  
  28  2:29  Zergling x2  
  29  2:33  Zergling x2  
  30  2:39  Overlord  
  30  2:46  Overlord  
  30  2:53  Zergling x4  
  30  2:56  Zergling x2  
  33  3:05  Zergling x4  
  35  3:11  Zergling x4  
  37  3:13  Zergling x2  
  37  3:18  Zergling x4  
  39  3:32  Baneling x7  
  39  3:46  Zergling x8  
  40  3:58  Zergling x10  
  43  4:06  Drone x2  
  43  4:08  Drone  
  46  4:11  Drone  
  46  4:15  Drone  
  48  4:18  Drone  
  48  4:21  Drone  
Tags
 
Add a new tag
Caveats
  • Supply blocks, unpowered buildings, or Contaminate may cause inaccurate times.
  • Supply counts are checked every 10 seconds.